[Event "Leca Open 2022"]
[Site "Leca da Palmeira"]
[Date "2022.07.31"]
[Round "1.1"]
[White "Goncalves, Lucas Jordao"]
[Black "Motylev, Alexander"]
[Result "0-1"]
[ECO "B90"]
[WhiteElo "1813"]
[BlackElo "2632"]
[Annotator "TA"]
[PlyCount "52"]
[EventDate "2022.08.02"]
[EventType "swiss"]
[EventCountry "POR"]
[SourceTitle "playchess.com"]
[Source "ChessBase"]
[SourceQuality "1"]
[TimeControl "5400+30"]

1. e4 c5 2. Nf3 d6 3. d4 cxd4 4. Nxd4 Nf6 5. Nc3 a6 6. Be3 e5 7. Nb3 Be6 8. f3 Nbd7 9. Qd2 h5 10. O-O-O Qc7 {[%emt 0:00:28] B90: Sicilian Najdorf: Unusual White 6th moves, 6 Be3 Ng4 and 6 Be3 e5.} 11. Be2 Rc8 12. Kb1 Be7 {[%emt 0:01:38] The position is equal.} 13. h4 b5 14. a3 Nb6 15. g3 {[%emt 0:07:12] [#]} ({Better is} 15. Bxb6 $15 Qxb6 16. Rhg1) 15... Nc4 $1 $19 {[%emt 0:01:49] [#]} 16. Qd3 $146 {[%emt 0:02:34] [#]} ({Predecessor:} 16. Bxc4 bxc4 17. Nc1 Rb8 18. N3e2 d5 19. exd5 Nxd5 20. Ka1 Qb7 21. b3 Bxa3 22. Bf2 O-O 23. Be1 Rfc8 24. Ka2 cxb3+ 25. cxb3 Bxc1 26. Nxc1 Rxc1 {0-1 (26) Cacas,A (1743)-Oezalp,A ICCF email 2017}) 16... Nxa3+ $1 17. bxa3 Qxc3 18. Qxc3 Rxc3 19. Bd2 Rc8 20. Bb4 d5 21. Bd3 (21. Nd2 {might work better.}) 21... dxe4 22. Bxe4 Nxe4 23. fxe4 Bxb4 24. axb4 Rc4 25. Nc5 Rxb4+ 26. Kc1 Ke7 {[%emt 0:00:34] White got outplayed after the opening.  Weighted Error Value: White=0.39/Black=0.02 (flawless)} 0-1

[Event "Leca Open 2022"]
[Site "Leca da Palmeira"]
[Date "2022.07.31"]
[Round "1.2"]
[White "Perez Candelario, Manuel"]
[Black "Da Silva, Reinaldo S.B."]
[Result "1-0"]
[ECO "A05"]
[WhiteElo "2578"]
[BlackElo "2340"]
[Annotator "TA"]
[PlyCount "75"]
[EventDate "2022.08.02"]
[EventType "swiss"]
[EventCountry "POR"]
[SourceTitle "playchess.com"]
[Source "ChessBase"]
[SourceQuality "1"]
[TimeControl "5400+30"]

1. Nf3 Nf6 2. g3 g6 3. b3 Bg7 4. Bb2 c5 5. c4 d6 6. Bg2 {[%emt 0:00:42] A30: Symmetrical English: Double Fianchetto and Hedgehog.} Na6 7. O-O O-O 8. Nc3 {[%emt 0:01:05] White is slightly better.} Nc7 (8... e5 $11) 9. Rc1 (9. d4 $14 {was preferrable.}) 9... Rb8 (9... e5 $11) 10. d4 $16 cxd4 11. Nxd4 {[%emt 0:00:41] [#]} Nd7 $146 ({Predecessor:} 11... a6 12. Qd2 Ne6 13. Nxe6 {½-½ (13) Konik,M (1997)-Urytskyy,A (2103) Bayern 2011}) 12. Qd2 {[%emt 0:00:52] 0x0.0013ba699740dp-1022s more active pieces. The black rooks are badly placed.} Nc5 13. Rfd1 Bd7 14. h3 N5e6 15. Nxe6 Nxe6 16. h4 Bc6 17. Nd5 Bxb2 18. Qxb2 Bxd5 19. Bxd5 Qb6 {[%emt 0:02:35] [#]} (19... b6 $14) 20. h5 $1 Ng7 21. hxg6 ({Don't take} 21. c5 $6 dxc5 22. hxg6 (22. h6 Nf5 $11) 22... hxg6 $14) 21... hxg6 22. Kg2 {[%emt 0:00:28] Hoping for Rh1.} e6 23. Bf3 f6 (23... Qc5 $16 {is a better defense.} 24. e3 Ne8) 24. Rd3 Rf7 25. Rh1 {[%emt 0:04:23] And now Rh6 would win.} Ne8 26. Re3 Nc7 (26... Ng7 {was worth a try.} 27. Qb1 (27. Rh6 Nf5 $16) 27... f5) 27. Re4 $18 Kg7 28. Reh4 (28. Rg4 $142 Rg8 29. Be4) 28... Rg8 29. Qd2 {[%emt 0:04:51][%csl Gh1,Gh4][%cal Rd2h6] [#]} Kf8 30. Rh8 Rfg7 (30... Ne8 $142 31. Qf4 (31. Qh6+ Rfg7 $16) 31... Rfg7) 31. R1h7 g5 (31... Ne8 $142 32. Qh6 Qd8 33. Bxb7 Qc7) 32. Qd3 f5 33. g4 f4 (33... fxg4 34. Qc3 Ne8 35. Bxg4 Qc6+ 36. f3 Qd7) 34. Qc3 {Intending Qxg7+ and mate.} e5 35. Qd3 {[%emt 0:02:01] White mates.} Rxh7 36. Rxh7 Rg7 37. Qf5+ Kg8 38. Rh6 {[%emt 0:01:09] Black got outplayed after the opening.  Weighted Error Value: White=0.17 (very precise) /Black=0.53} 1-0

[Event "Leca Open 2022"]
[Site "Leca da Palmeira"]
[Date "2022.07.31"]
[Round "1.3"]
[White "San Vicente Cosculluela, Jose Lu"]
[Black "Martinez Duany, Lelys Stanley"]
[Result "0-1"]
[ECO "B40"]
[WhiteElo "1795"]
[BlackElo "2497"]
[Annotator "RC"]
[PlyCount "76"]
[EventDate "2022.08.02"]
[EventType "swiss"]
[EventCountry "POR"]
[SourceTitle "playchess.com"]
[Source "ChessBase"]
[SourceQuality "1"]
[TimeControl "5400+30"]

1. e4 c5 2. Nf3 e6 3. d3 d5 4. Nbd2 Nc6 5. g3 Bd6 6. Bg2 Nge7 7. c3 b6 8. Qe2 O-O 9. O-O Ba6 10. Re1 Bc7 11. Bf1 Ng6 12. h4 Nge5 13. Nxe5 Nxe5 14. c4 dxc4 15. dxc4 Qd4 16. Nf3 Qxc4 17. Nxe5 Qxe2 18. Bxe2 Bxe2 19. Rxe2 Bxe5 20. a4 Rad8 21. Be3 Rd3 22. Kg2 Rb3 23. a5 h5 24. Rd2 Rb4 25. Rd7 Bxb2 26. Rad1 Ra8 27. Kf3 Bf6 28. Bg5 Bd4 29. Be3 Rb3 30. Rb7 e5 31. g4 hxg4+ 32. Kxg4 Rb5 33. Bd2 c4 34. f4 c3 35. Bc1 Rxa5 36. fxe5 Bxe5 37. Rdd7 Ra1 38. Be3 Re1 0-1

[Event "Leca Open 2022"]
[Site "Leca da Palmeira"]
[Date "2022.07.31"]
[Round "1.4"]
[White "Spraggett, Kevin"]
[Black "Fernandes, Francisco Justo Sant"]
[Result "1-0"]
[ECO "A36"]
[WhiteElo "2487"]
[BlackElo "1788"]
[Annotator "RC"]
[PlyCount "99"]
[EventDate "2022.08.02"]
[EventType "swiss"]
[EventCountry "POR"]
[SourceTitle "playchess.com"]
[Source "ChessBase"]
[SourceQuality "1"]
[TimeControl "5400+30"]

1. c4 c5 2. g3 Nc6 3. Bg2 g6 4. Nc3 Bg7 5. e3 e6 6. Nge2 Nge7 7. Nf4 a6 8. d3 Rb8 9. h4 b5 10. Qd2 bxc4 11. dxc4 Ne5 12. Qe2 Rb4 13. Nd3 Nxd3+ 14. Qxd3 Nc6 15. f4 Bb7 16. O-O O-O 17. Rb1 Na5 18. Bxb7 Rxb7 19. b3 Nc6 20. Na4 Qc7 21. Ba3 Nb4 22. Qd2 Rd8 23. Rbc1 d5 24. Rfd1 d4 25. Bxb4 Rxb4 26. exd4 Rxd4 27. Qe1 Rb8 28. Rxd4 Bxd4+ 29. Kh2 e5 30. Qe4 exf4 31. Qxf4 Be5 32. Qe3 Bd4 33. Qe4 Rd8 34. Rd1 Kg7 35. Kg2 Rd7 36. Re1 Bf6 37. Qf3 Qd6 38. Re2 Bd4 39. h5 f5 40. Re8 Kf7 41. Re2 Kf6 42. hxg6 hxg6 43. Qa8 f4 44. Qf3 g5 45. Nc3 Bxc3 46. Qxc3+ Qd4 47. Qf3 Kg7 48. Qg4 Kf6 49. gxf4 Re7 50. Qxg5+ 1-0

[Event "Leca Open 2022"]
[Site "Leca da Palmeira"]
[Date "2022.07.31"]
[Round "1.5"]
[White "Mateus, Andre"]
[Black "Das, Sayantan"]
[Result "0-1"]
[ECO "C00"]
[WhiteElo "1781"]
[BlackElo "2449"]
[Annotator "RC"]
[PlyCount "64"]
[EventDate "2022.08.02"]
[EventType "swiss"]
[EventCountry "POR"]
[SourceTitle "playchess.com"]
[Source "ChessBase"]
[SourceQuality "1"]
[TimeControl "5400+30"]

1. e4 e6 2. c4 c5 3. Nc3 Nc6 4. Nf3 Nf6 5. d4 cxd4 6. Nxd4 Bb4 7. Nxc6 bxc6 8. Bd3 e5 9. O-O O-O 10. Bg5 h6 11. Bh4 d6 12. Rc1 Rb8 13. b3 Be6 14. Bb1 Re8 15. Qd3 g5 16. Bg3 Nh5 17. Rfd1 Nf4 18. Bxf4 gxf4 19. Na4 Qg5 20. Kh1 Rbd8 21. Qc2 Ba3 22. c5 Bxc1 23. Rxc1 Kh8 24. f3 Rg8 25. b4 Qh4 26. cxd6 Rg5 27. Qd1 Rh5 28. Qg1 Rxd6 29. Nc5 Rd2 30. Nxe6 fxe6 31. b5 cxb5 32. h3 Qxh3+ 0-1

[Event "Leca Open 2022"]
[Site "Leca da Palmeira"]
[Date "2022.07.31"]
[Round "1.6"]
[White "Stella, Andrea"]
[Black "Santos, Roberio"]
[Result "1-0"]
[ECO "D96"]
[WhiteElo "2443"]
[BlackElo "1781"]
[Annotator "RC"]
[PlyCount "83"]
[EventDate "2022.08.02"]
[EventType "swiss"]
[EventCountry "POR"]
[SourceTitle "playchess.com"]
[Source "ChessBase"]
[SourceQuality "1"]
[TimeControl "5400+30"]

1. d4 d5 2. c4 c6 3. Nf3 Nf6 4. Nc3 g6 5. cxd5 Nxd5 6. e4 Nxc3 7. bxc3 Bg7 8. Be2 Qa5 9. Bd2 Bg4 10. Qb3 b5 11. Ng5 Be6 12. Nxe6 fxe6 13. Qxe6 Qc7 14. e5 Qd7 15. Qb3 a5 16. a4 b4 17. O-O Bxe5 18. Rad1 Bd6 19. cxb4 Qc7 20. d5 axb4 21. dxc6 Na6 22. Bh6 Nc5 23. Qh3 Ne4 24. Bc4 Ra5 25. Bg7 Rh5 26. Qd7+ Qxd7 27. cxd7+ Kd8 28. g4 Rh4 29. f3 Ng5 30. Rxd6 Nxf3+ 31. Rxf3 Rxg4+ 32. Rg3 Rxc4 33. Rb6 Kc7 34. Bxh8 Kxd7 35. Rb3 Rc2 36. R6xb4 h5 37. h4 Ra2 38. Bb2 e5 39. Ra3 Rxa3 40. Bxa3 Kc6 41. Kf2 e4 42. Rb5 1-0

[Event "Leca Open 2022"]
[Site "Leca da Palmeira"]
[Date "2022.07.31"]
[Round "1.7"]
[White "Wang, Minqing"]
[Black "Abdisalimov, Abdimalik"]
[Result "0-1"]
[ECO "E10"]
[WhiteElo "1778"]
[BlackElo "2437"]
[Annotator "RC"]
[PlyCount "74"]
[EventDate "2022.08.02"]
[EventType "swiss"]
[EventCountry "POR"]
[SourceTitle "playchess.com"]
[Source "ChessBase"]
[SourceQuality "1"]
[TimeControl "5400+30"]

1. d4 Nf6 2. c4 e6 3. Nf3 c5 4. e3 b6 5. Nc3 Bb7 6. d5 exd5 7. cxd5 d6 8. e4 a6 9. a4 g6 10. Bc4 Bg7 11. O-O O-O 12. Re1 Re8 13. Bg5 h6 14. Bh4 Nbd7 15. h3 Qe7 16. e5 dxe5 17. Nxe5 Nxe5 18. f4 Nxc4 19. Rxe7 Rxe7 20. Qb3 Ne3 21. Re1 c4 22. Qxb6 Nfxd5 23. Nxd5 Nxd5 24. Qd6 Rxe1+ 25. Bxe1 Re8 26. Bf2 Bxb2 27. Qd7 Re7 28. Qd8+ Kg7 29. Bc5 Bf6 30. Qb8 Bc6 31. Qc8 Rc7 32. Qxa6 c3 33. Qc4 Ba8 34. a5 Kh7 35. f5 Be7 36. fxg6+ fxg6 37. Qf1 Bxc5+ 0-1

[Event "Leca Open 2022"]
[Site "Leca da Palmeira"]
[Date "2022.07.31"]
[Round "1.9"]
[White "Ferreira, Ana Margarida"]
[Black "Krishna C R G"]
[Result "0-1"]
[ECO "A05"]
[WhiteElo "1724"]
[BlackElo "2430"]
[Annotator "RC"]
[PlyCount "70"]
[EventDate "2022.08.02"]
[EventType "swiss"]
[EventCountry "POR"]
[SourceTitle "playchess.com"]
[Source "ChessBase"]
[SourceQuality "1"]
[TimeControl "5400+30"]

1. Nf3 Nf6 2. b3 d6 3. d4 g6 4. Bb2 Bg7 5. Nbd2 O-O 6. e3 c5 7. Be2 Nc6 8. O-O Bf5 9. Nh4 Be6 10. c4 cxd4 11. exd4 d5 12. c5 Ne4 13. Nhf3 Nxc5 14. Ne5 Nxe5 15. dxe5 Rc8 16. f4 d4 17. Bg4 Bxg4 18. Qxg4 Nd3 19. Bc1 Qd5 20. Qg3 Rc3 21. Nf3 Rfc8 22. Bd2 Rc2 23. Qh4 f6 24. Qh3 R8c6 25. exf6 exf6 26. f5 Qe4 27. fxg6 hxg6 28. Bh6 Bxh6 29. Qxh6 Nf4 30. Rae1 Rxg2+ 31. Kh1 Re2 32. Qxf4 Qxf4 33. Rxe2 Rc1 34. Ref2 Rxf1+ 35. Rxf1 d3 0-1

[Event "Leca Open 2022"]
[Site "Leca da Palmeira"]
[Date "2022.07.31"]
[Round "1.10"]
[White "Akhvlediani, Irakli"]
[Black "Walter Travella, German"]
[Result "1-0"]
[ECO "E90"]
[WhiteElo "2429"]
[BlackElo "1706"]
[Annotator "RC"]
[PlyCount "85"]
[EventDate "2022.08.02"]
[EventType "swiss"]
[EventCountry "POR"]
[SourceTitle "playchess.com"]
[Source "ChessBase"]
[SourceQuality "1"]
[TimeControl "5400+30"]

1. d4 Nf6 2. c4 g6 3. Nc3 Bg7 4. e4 d6 5. Nf3 O-O 6. h3 c6 7. Be3 Kh8 8. Be2 Nbd7 9. O-O Ng8 10. Qc2 e5 11. Rad1 Qc7 12. b4 Ne7 13. dxe5 dxe5 14. c5 f5 15. Ng5 Nf6 16. Qb3 h6 17. Nf7+ Kh7 18. f3 f4 19. Bf2 g5 20. Bc4 Bd7 21. Rd2 Be8 22. Rfd1 Bxf7 23. Bxf7 Rad8 24. Be6 Rxd2 25. Rxd2 Rd8 26. Rb2 h5 27. b5 Qa5 28. Qc4 Qa3 29. Qb3 Qa5 30. Qb4 Qxb4 31. Rxb4 Rd3 32. Be1 Kh6 33. Kf1 Bf8 34. Ke2 Rd4 35. Rb1 Rd8 36. Bf2 Rb8 37. a4 b6 38. cxb6 axb6 39. bxc6 Nxc6 40. Rxb6 Rxb6 41. Bxb6 Bb4 42. Nd5 Nxd5 43. exd5 1-0

[Event "Leca Open 2022"]
[Site "Leca da Palmeira"]
[Date "2022.07.31"]
[Round "1.11"]
[White "Santos, Joao Artur Almeida"]
[Black "Umetsubo, Cesar Hidemitsu"]
[Result "0-1"]
[ECO "E17"]
[WhiteElo "1954"]
[BlackElo "2405"]
[Annotator "RC"]
[PlyCount "64"]
[EventDate "2022.08.02"]
[EventType "swiss"]
[EventCountry "POR"]
[SourceTitle "playchess.com"]
[Source "ChessBase"]
[SourceQuality "1"]
[TimeControl "5400+30"]

1. d4 Nf6 2. c4 e6 3. Nf3 b6 4. g3 Bb7 5. Bg2 Be7 6. Nc3 Ne4 7. Nxe4 Bxe4 8. O-O O-O 9. Bd2 d5 10. Qb3 Nd7 11. cxd5 Bxd5 12. Qc2 Nf6 13. Rfd1 Rc8 14. Rac1 c5 15. a3 Qd7 16. dxc5 Rxc5 17. Bc3 Qb7 18. b4 Rc7 19. Qb2 Rd8 20. Be5 Rcd7 21. Ne1 Bxg2 22. Rxd7 Nxd7 23. Nxg2 Nxe5 24. Qxe5 Bf6 25. Qb5 Bb2 26. Rb1 Qe4 27. Re1 Bxa3 28. Qa4 Qxb4 29. Qxa7 h6 30. Kf1 Qd6 31. Ne3 Qc6 32. f3 Ra8 0-1

[Event "Leca Open 2022"]
[Site "Leca da Palmeira"]
[Date "2022.07.31"]
[Round "1.13"]
[White "Almeida, Francisco Nunes Viei"]
[Black "Grieve, Harry"]
[Result "1/2-1/2"]
[ECO "B47"]
[WhiteElo "1660"]
[BlackElo "2390"]
[Annotator "RC"]
[PlyCount "99"]
[EventDate "2022.08.02"]
[EventType "swiss"]
[EventCountry "POR"]
[SourceTitle "playchess.com"]
[Source "ChessBase"]
[SourceQuality "1"]
[TimeControl "5400+30"]

1. e4 c5 2. Nf3 e6 3. d4 cxd4 4. Nxd4 Nc6 5. Nc3 Qc7 6. Nxc6 bxc6 7. Bd3 d5 8. O-O Nf6 9. Re1 Be7 10. Bg5 d4 11. Nb1 e5 12. Nd2 O-O 13. Nc4 Be6 14. Bh4 Rae8 15. Bg3 Nd7 16. Qd2 f6 17. f4 exf4 18. Bxf4 Ne5 19. Bxe5 fxe5 20. Rf1 h6 21. Qa5 Qxa5 22. Nxa5 Bd7 23. Rxf8+ Kxf8 24. Nc4 Bf6 25. a4 Ke7 26. b4 Rb8 27. Rb1 h5 28. Kf2 g6 29. h3 Ke6 30. Ke2 Be7 31. b5 cxb5 32. Nd2 a6 33. axb5 axb5 34. Ra1 Bd8 35. Nf3 Kd6 36. Ra6+ Rb6 37. Ra8 Bf6 38. Rg8 Ke7 39. Rxg6 Be8 40. Rh6 Kf8 41. g4 hxg4 42. hxg4 Rc6 43. g5 Bg7 44. Rxc6 Bxc6 45. Kf2 Kf7 46. Kg3 Kg6 47. Kg4 Bd7+ 48. Kh4 Bc6 49. Kg4 Bd7+ 50. Kh4 1/2-1/2

[Event "Leca Open 2022"]
[Site "Leca da Palmeira"]
[Date "2022.07.31"]
[Round "1.15"]
[White "Jibuti, Nata"]
[Black "Pierrot, Facundo"]
[Result "0-1"]
[ECO "B08"]
[WhiteElo "1639"]
[BlackElo "2371"]
[Annotator "RC"]
[PlyCount "134"]
[EventDate "2022.08.02"]
[EventType "swiss"]
[EventCountry "POR"]
[SourceTitle "playchess.com"]
[Source "ChessBase"]
[SourceQuality "1"]
[TimeControl "5400+30"]

1. e4 d6 2. d4 Nf6 3. Nc3 g6 4. Nf3 Bg7 5. Be2 O-O 6. O-O c6 7. Bf4 b5 8. e5 Nh5 9. Be3 b4 10. Ne4 f5 11. exf6 exf6 12. d5 c5 13. Nxc5 dxc5 14. Bxc5 Re8 15. Bxb4 Nf4 16. Bb5 Re4 17. Re1 Rxe1+ 18. Qxe1 Bf5 19. Qd2 Bh6 20. Qd4 Qb6 21. Qxb6 axb6 22. d6 Bd7 23. Nd4 Bxb5 24. Nxb5 Nc6 25. Ba3 Kf7 26. Re1 Re8 27. Rd1 Rd8 28. c4 Bf8 29. b4 Ra8 30. c5 bxc5 31. bxc5 Ra5 32. Rb1 Ne6 33. Kf1 f5 34. Ke1 Bg7 35. Kd2 Ned4 36. Nxd4 Bxd4 37. Rb7+ Ke6 38. Rc7 Bxc5 39. Bxc5 Rxc5 40. Rxh7 Rd5+ 41. Kc3 Rxd6 42. h4 Ne7 43. Kc2 Nd5 44. Rh6 Ke5 45. Rh8 Rc6+ 46. Kb3 Rc3+ 47. Kb2 Rc4 48. g3 Nf6 49. Rh6 Ng4 50. Rxg6 Nxf2 51. h5 Ng4 52. h6 Rc8 53. h7 Rh8 54. Rg7 Nf6 55. Re7+ Kd6 56. Ra7 Nxh7 57. Rg7 Nf6 58. a4 Ne4 59. Rg6+ Ke5 60. Kb3 Rh3 61. a5 f4 62. a6 f3 63. a7 Rh8 64. Rh6 Ra8 65. Rh5+ Kd4 66. Rf5 f2 67. Kb4 Rxa7 0-1

[Event "Leca Open 2022"]
[Site "Leca da Palmeira"]
[Date "2022.07.31"]
[Round "2.1"]
[White "Motylev, Alexander"]
[Black "Pandey Srishti"]
[Result "1-0"]
[ECO "C54"]
[WhiteElo "2632"]
[BlackElo "2101"]
[Annotator "TA"]
[PlyCount "84"]
[EventDate "2022.08.02"]
[EventType "swiss"]
[EventCountry "POR"]
[SourceTitle "playchess.com"]
[Source "ChessBase"]
[SourceQuality "1"]
[TimeControl "5400+30"]

1. e4 e5 2. Nf3 Nc6 3. Bc4 Bc5 4. c3 Nf6 5. d3 O-O 6. Nbd2 d5 {[%emt 0:00:31] C54: Giuoco Piano: 4 c3 Nf6, main lines with 5 d4 and 5 d3.} 7. exd5 Nxd5 8. Ne4 Be7 {[%emt 0:00:08] White has an edge.} 9. O-O Kh8 10. Re1 f6 11. a4 {[%emt 0:00:42] [#]} a5 $146 ({Predecessor:} 11... Nb6 12. Bb3 a5 13. Ng3 Nd7 14. d4 exd4 15. Nxd4 Nxd4 16. Qxd4 Ne5 17. Qe4 Bd6 {1-0 (37) Gruenter,M (2249)-Feher,A (2398) Pardubice 2014}) 12. Ng3 Bc5 13. h3 Nce7 14. d4 exd4 15. Nxd4 c6 16. Qh5 Bxd4 17. cxd4 Nb4 18. Re4 {[%emt 0:01:28] [#] White wants to mate with Rh4.} Ng6 {[%emt 0:01:10] Inhibits Rh4.} 19. Nf5 $1 $40 {[%emt 0:40:34][%mdl 128] Black needs to defend precisely.} Bxf5 20. Qxf5 Nd5 21. Bd2 Qc8 22. Qf3 {[%emt 0:02:59] White is more active.} Qd7 23. Rae1 f5 24. R4e2 Nc7 {[%emt 0:01:06] Black is on the road to losing.} 25. Bb3 b6 (25... Qd8 $16 {might work better.}) 26. Rc1 Rf6 (26... Ne7 $16 {was called for.}) 27. Bg5 $18 {[%emt 0:02:09] A strong pair of Bishops.} Rd6 28. h4 {[%emt 0:02:50][%cal Bh3h4,Bh4h5][%mdl 32] [#] Threatens to win with h5.} Re8 $2 (28... h6 $16) 29. h5 Rxe2 30. Qxe2 Ne6 31. Bxe6 (31. hxg6 Nxg5 32. Qe5 Ne4 $16) 31... Rxe6 32. Qa6 Nf8 33. Qxb6 Qe8 34. Qd8 ({Much less strong is} 34. Qxa5 h6 $18) 34... Qf7 $2 (34... Kg8 35. Qxe8 (35. Qxa5 Qxh5 36. Bd2 Re4 $18) 35... Rxe8 36. Rxc6 Ne6) 35. h6 gxh6 36. Bf4 Kg8 37. Qxa5 Ng6 38. Bxh6 Qd7 39. d5 Rd6 (39... Qxd5 40. Qa8+ Kf7) 40. Rc5 {[%emt 0:01:03] Hoping for Qc3.} f4 $2 (40... Kf7 41. Qc3 Rxd5 42. Rxc6 Rd1+ 43. Kh2 Qd4 44. Qb3+ Qd5 45. Rc7+ Ke6 46. Rc6+ Kf7 47. Rc7+ Ke6 48. Rc6+ Kf7) 41. Qc3 Rxd5 42. Rxc6 $2 ({White has to play} 42. Rxd5 $18 cxd5 43. a5) 42... Re5 $2 {[%mdl 8192] Weighted Error Value: White=0.38/Black=0.37} (42... Ne5 $14 43. Rc8+ Kf7) 1-0

[Event "Leca Open 2022"]
[Site "Leca da Palmeira"]
[Date "2022.07.31"]
[Round "2.2"]
[White "Cordeiro, Joao Carlos Santos F"]
[Black "Perez Candelario, Manuel"]
[Result "0-1"]
[ECO "D02"]
[WhiteElo "2048"]
[BlackElo "2578"]
[Annotator "TA"]
[PlyCount "102"]
[EventDate "2022.08.02"]
[EventType "swiss"]
[EventCountry "POR"]
[SourceTitle "playchess.com"]
[Source "ChessBase"]
[SourceQuality "1"]
[TimeControl "5400+30"]

1. Nf3 d5 2. d4 Nf6 3. g3 c6 4. Bg2 Bf5 5. O-O e6 6. c3 h6 7. Re1 Nbd7 8. Nbd2 Be7 9. Nb3 {[%emt 0:03:46] D02: 1 d4 d5 2 Nf3 sidelines, including 2...Nf6 3 g3 and 2...Nf6 3 Bf4.} O-O 10. Bf4 {[%emt 0:03:13] [#]} a5 $146 ({Predecessor:} 10... b6 11. Ne5 Rc8 12. Nd2 g5 13. Nxd7 Nxd7 14. Be3 c5 15. Rc1 cxd4 16. cxd4 Nb8 {½-½ (46) Mocary,M (2096)-Gregor,M (2127) Slovakia 2006}) 11. Ne5 {[%emt 0:03:09] Black is slightly better.} Qb6 12. Nxd7 Nxd7 13. Qc1 Rfd8 14. e4 dxe4 15. Bxe4 Bxe4 16. Rxe4 Bf8 17. Re2 Qb5 (17... a4 $5 18. Nd2 c5 $11) 18. c4 Qh5 19. Qf1 a4 20. Nd2 c5 21. Be3 Nf6 22. dxc5 Ng4 {[%emt 0:02:25][%csl Gg4][%cal Rh5h2] [#]} 23. Nf3 Rd3 ({Of course not} 23... Bxc5 $6 24. Bxc5 Qxc5 25. Re4 $11) (23... Nxe3 $6 24. Rxe3 Qxc5 25. Qe2 $15) 24. Rd1 Nxe3 {[%emt 0:04:18] Black is more active.} (24... Rad8 {keeps more tension.} 25. Rxd3 Rxd3 26. Re1 Qf5) 25. Rxe3 Rxe3 26. fxe3 Bxc5 27. Qe2 Qf5 28. Nh4 (28. Kf2 $11) 28... Qe4 $17 29. Ng2 b6 30. Qd3 Qe5 31. Rd2 g5 32. Kf1 (32. Rf2 $17 {was worth a try.}) 32... Kg7 (32... a3 $19 {is more deadly.} 33. b3 Qa1+ 34. Kf2 Bb4) 33. Ke2 Qf6 {[%emt 0:02:00] ...Bb4 is the strong threat.} 34. Qc3 {[%emt 0:02:08] Inhibits Bb4.} Qxc3 35. bxc3 $15 {[%emt 0:00:05][%mdl 4096] Endgame KRB-KRN} Ra7 {[%emt 0:01:07] Prevents Rd7.} 36. Ne1 Rc7 37. Rb2 Rc6 38. Kd3 f5 39. Nf3 {[%emt 0:00:45] [#]} (39. Ke2 $15) 39... Kf6 ({Black should try} 39... e5 $1 40. Ne1 (40. Nxe5 $2 Re6 $19) 40... e4+ 41. Ke2 Ba3) 40. Nd2 {[%emt 0:01:18] Loses the game.} (40. Nd4 $17 {was necessary.} Rd6 41. Rf2) 40... g4 41. Rb1 Kg5 42. Rf1 e5 43. Ke2 h5 44. h4+ $2 (44. Rd1) 44... Kg6 $19 {[%emt 0:02:13] Black is clearly winning.} ({Don't blunder} 44... gxh3 $2 45. Nf3+ Kh6 46. Rh1 $19) 45. e4 f4 46. gxf4 exf4 47. Rxf4 Be7 48. Rf5 Bxh4 49. Rf8 Bf6 50. Ra8 h4 51. Rg8+ Bg7 {[%emt 0:01:18] Weighted Error Value: White=0.29 (precise) /Black=0.10 (very precise)} 0-1

[Event "Leca Open 2022"]
[Site "Leca da Palmeira"]
[Date "2022.07.31"]
[Round "2.3"]
[White "Martinez Duany, Lelys Stanley"]
[Black "Pintor, Simao Maciel Abranch"]
[Result "1/2-1/2"]
[ECO "B27"]
[WhiteElo "2497"]
[BlackElo "2062"]
[Annotator "RC"]
[PlyCount "60"]
[EventDate "2022.08.02"]
[EventType "swiss"]
[EventCountry "POR"]
[SourceTitle "playchess.com"]
[Source "ChessBase"]
[SourceQuality "1"]
[TimeControl "5400+30"]

1. e4 c5 2. Nf3 g6 3. c3 d5 4. exd5 Qxd5 5. d4 Bg7 6. Be2 cxd4 7. O-O Nc6 8. cxd4 Nxd4 9. Nxd4 Qxd4 10. Qb3 Nf6 11. Rd1 Qb6 12. Qxb6 axb6 13. Nc3 O-O 14. Be3 Bf5 15. Bxb6 Ne4 16. Nd5 Bxb2 17. Nxe7+ Kh8 18. Rab1 Bf6 19. Nxf5 gxf5 20. Rd7 Nc3 21. Re1 Rfe8 22. Kf1 Rxe2 23. Rxe2 Nxe2 24. Kxe2 Rxa2+ 25. Kf3 Kg7 26. Rxb7 Rb2 27. Rb8 Be5 28. Bc7 Bd4 29. Rxb2 Bxb2 30. Kf4 Kg6 1/2-1/2

[Event "Leca Open 2022"]
[Site "Leca da Palmeira"]
[Date "2022.07.31"]
[Round "2.4"]
[White "Alvarez Pampillon, Antonio"]
[Black "Spraggett, Kevin"]
[Result "0-1"]
[ECO "A15"]
[WhiteElo "2019"]
[BlackElo "2487"]
[Annotator "RC"]
[PlyCount "68"]
[EventDate "2022.08.02"]
[EventType "swiss"]
[EventCountry "POR"]
[SourceTitle "playchess.com"]
[Source "ChessBase"]
[SourceQuality "1"]
[TimeControl "5400+30"]

1. c4 Nf6 2. g3 e5 3. Bg2 d6 4. Nc3 g6 5. Nf3 Bg7 6. O-O O-O 7. Rb1 a5 8. a3 c6 9. d4 Nbd7 10. b4 axb4 11. axb4 exd4 12. Nxd4 Nb6 13. Qb3 Qe7 14. e4 Ng4 15. Nce2 Ne5 16. c5 dxc5 17. bxc5 Na4 18. Ba3 Re8 19. Ra1 Nd7 20. Qc2 Ra6 21. f4 Nab6 22. e5 Na8 23. Nc3 Nxe5 24. fxe5 Qxe5 25. Nde2 Rxa3 26. Bd5 Rxa1 27. Bxf7+ Kh8 28. Rxa1 Bf5 29. Qa4 Qxc5+ 30. Kg2 Rf8 31. Rc1 Rxf7 32. Qxa8+ Rf8 33. Qxb7 Bc8 34. Ne4 Qe3 0-1

[Event "Leca Open 2022"]
[Site "Leca da Palmeira"]
[Date "2022.07.31"]
[Round "2.5"]
[White "Das, Sayantan"]
[Black "Ladron De Guevara Galar, Francisco Javier"]
[Result "1-0"]
[ECO "C84"]
[WhiteElo "2449"]
[BlackElo "2033"]
[Annotator "RC"]
[PlyCount "95"]
[EventDate "2022.08.02"]
[EventType "swiss"]
[EventCountry "POR"]
[SourceTitle "playchess.com"]
[Source "ChessBase"]
[SourceQuality "1"]
[TimeControl "5400+30"]

1. e4 e5 2. Nf3 Nc6 3. Bb5 a6 4. Ba4 Nf6 5. O-O Be7 6. d3 b5 7. Bb3 d6 8. a3 Na5 9. Ba2 c5 10. Nc3 O-O 11. b4 cxb4 12. axb4 Nc6 13. Nd5 Be6 14. Bd2 Bxd5 15. exd5 Nb8 16. Bb3 Nbd7 17. Qe2 Qb8 18. Ra3 Bd8 19. Rfa1 a5 20. bxa5 Nc5 21. d4 b4 22. R3a2 Nxb3 23. cxb3 e4 24. Ng5 Re8 25. Ra4 Nxd5 26. Nxf7 Qc7 27. Nxd8 Raxd8 28. a6 Qf7 29. a7 Ra8 30. Qc4 Rf8 31. Rf1 Kh8 32. Ra5 Nf4 33. Bxf4 Qxf4 34. Qe2 Rf7 35. g3 Qf3 36. Qxf3 exf3 37. Rfa1 h6 38. h3 Kh7 39. g4 Rc7 40. R1a4 Rb7 41. Kh2 Rc7 42. Kg3 Rf7 43. h4 g6 44. Ra6 g5 45. hxg5 hxg5 46. R4a5 Rf4 47. Rxg5 Rxd4 48. Rb5 1-0